 Dungeon Crawl Stone Soup version 0.21-a0-278-ga722497 (webtiles) character file.

49 motkurip the Skirmisher (level 3, -2/23 HPs)
             Began as a Gargoyle Warper on Sept 20, 2017.
             Killed from afar by Natasha (6 damage)
             ... with a magic dart
             ... on level 1 of the Dungeon.
             The game lasted 00:03:05 (580 turns).

motkurip the Skirmisher (Gargoyle Warper)            Turns: 580, Time: 00:03:07

Health: -2/23      AC: 11    Str: 14 (15) XL:     3   Next: 77%
Magic:  6/6        EV:  6    Int: 10 (13) God:
Gold:   32         SH:  0    Dex:  7 (9)  Spells: 6/6 levels left

rFire    . . .     SeeInvis .   a - +0 hand axe
rCold    . . .     Gourm    .   (no shield)
rNeg     + . .     Faith    .   j - +0 chain mail
rPois    ∞         Spirit   .   (no helmet)
rElec    +         Reflect  .   (no cloak)
rCorr    .         Harm     .   (no gloves)
MR       .....                  (no boots)
Stlth    ..........             (no amulet)
HPRegen  0.07/turn              (no ring)
MPRegen  0.10/turn              (no ring)

@: very slightly contaminated, invisible
A: negative energy resistance 1, electricity resistance, unbreathing,
petrification resistance, rot immunity, AC +3
a: no special abilities


You were on level 1 of the Dungeon.
You were not hungry.

You visited 1 branch of the dungeon, and saw 2 of its levels.

You collected 32 gold pieces.

Inventory:

Hand Weapons
 a - a +0 hand axe (weapon)
Missiles
 e - 5 tomahawks of dispersal (quivered)
Armour
 b - a +0 leather armour
 j - a +0 chain mail (worn)
Scrolls
 d - a scroll of blinking
 g - 4 scrolls of identify {unknown}
 i - 2 scrolls of amnesia {unknown}
 k - a scroll of remove curse {unknown}
 m - a scroll of random uselessness {unknown}
 n - 3 scrolls of teleportation {unknown}
 p - a scroll of fog {unknown}
 r - a scroll of immolation {unknown}
 s - a scroll of enchant weapon {unknown}
Books
 c - a book of Spatial Translocations

   Spells                             Type                      Level
   a - Blink                          Translocation                2
   b - Shroud of Golubria             Charms/Translocation         2
   c - Lesser Beckoning               Translocation                3
   d - Gell's Gravitas                Translocation                3
   e - Teleport Other                 Translocation                3
   f - Passage of Golubria            Translocation                4
Comestibles
 f - 3 bread rations


   Skills:
 + Level 3.0 Fighting
 * Level 3.0 Axes
 + Level 0.8 Throwing
 + Level 1.3 Armour
 - Level 1.5 Dodging
 - Level 2.0 Spellcasting
   Level 2.6 Translocations


You had 6 spell levels left.
You didn't know any spells.

Dungeon Overview and Level Annotations

Branches:
Dungeon (2/15)

Altars:

Annotations:
D:1 Natasha


Innate Abilities, Weirdness & Mutations

You are resistant to torment.
Your stone body is resilient. (AC +3)
You are immune to poison.
You resist negative energy. (rN+)
You are resistant to electric shocks. (rElec)
You can survive without breathing.
You are immune to petrification.
You are immune to rotting.


Message History

* * * LOW HITPOINT WARNING * * *
Natasha claws you but does no damage.
The leopard gecko completely misses you.
You closely miss Natasha.
Natasha is moderately wounded.
You closely miss the leopard gecko. Natasha barely misses you.
The leopard gecko closely misses you.
You hit Natasha but do no damage.
Natasha is moderately wounded.
Your chain mail prevents you from hitting the leopard gecko.
Natasha howls an incantation.
Natasha shimmers violently.
Natasha claws you but does no damage. The leopard gecko barely misses you.
You hit Natasha.
Natasha is heavily wounded.
You hit the leopard gecko.
You kill the leopard gecko!
Natasha casts a spell at you. The magic dart hits you!
You die...

#.#.##.#####
#########
#.#..#.#
#.##.#.#
#.##...#
#.###..# #.#
#..# #.#
#..#
#.###.h#
#....†@#
########


You could see Natasha.

Vanquished Creatures
  An adder (D:2)
  An ooze (D:1)
  4 leopard geckos
  A ball python (D:1)
  4 bats (D:1)
  5 giant cockroaches (D:1)
  2 hobgoblins (D:2)
  2 frilled lizards
  5 goblins
  2 kobolds (D:1)
  4 rats (D:1)
31 creatures vanquished.

Notes
Turn   | Place    | Note
-------+----------+-------------------------------------------
     0 | D:1      | motkurip the Gargoyle Warper began the quest for the Orb.
     0 | D:1      | Reached XP level 1. HP: 12/12 MP: 3/3
    68 | D:1      | Reached XP level 2. HP: 18/18 MP: 5/5
   258 | D:1      | Reached XP level 3. HP: 8/22 MP: 6/6
   566 | D:2      | Noticed Natasha
   580 | D:1      | Killed from afar by Natasha

Vault maps used:
D:1:      dpeg_arrival_arbitrary_b
D:2:      chequers_ecumenical_altar_simple_redux, uniq_natasha, uniq_robin

Skill      XL: |  1  2  3 |
---------------+----------+-----
Axes           | 2 3 |  3.0
Fighting       | 3 |  3.0
Throwing       | |  0.8
Armour         | |  1.3
Dodging        | |  1.5
Spellcasting   | |  2.0
Translocations | |  2.6

Action                   || total
-------------------------++-------
Melee: Hand axe          ||   127
  Use: Potion            ||     3
Armor: Leather armour    ||    15
       Chain mail        ||    90
Dodge: Dodged            ||    58

Table legend:
 A = Spawn XP
 B = Non-spawn XP
 C = Spawn XP percentage of total XP
 D = Spawn monster count
 E = Non-spawn monster count
 F = Spawn count percentage of total count
 G = Total turns spent on level
                    A         B        C        D         E        F      G
               +---------+---------+-------+---------+---------+-------+---------
         Total |       0 |      71 |   0.0 |       0 |      31 |   0.0 |   580
               +---------+---------+-------+---------+---------+-------+---------
           D:1 |       0 |      48 |   0.0 |       0 |      25 |   0.0 |   446
           D:2 |       0 |      23 |   0.0 |       0 |       6 |   0.0 |   134
               +---------+---------+-------+---------+---------+-------+---------
